 Dungeon Crawl Stone Soup version 0.17-a0-1910-g4c791fa (webtiles) character file.

944 Goblin1989 the Carver (level 8, -8/46 HPs)
             Began as a Gargoyle Berserker on Sept 25, 2015.
             Was an Elder of Trog.
             Mangled by an ogre
             ... wielding a +0 giant club
              (15 damage)
             ... on level 4 of the Dungeon.
             The game lasted 00:12:44 (4330 turns).

Goblin1989 the Carver (Gargoyle Berserker)          Turns: 4330, Time: 00:12:44

Health: -8/46      AC: 13    Str: 21    XL:     8   Next: 12%
Magic:  8/8        EV: 11    Int:  8    God:    Trog [****..]
Gold:   243        SH:  0    Dex: 11    Spells: 0 memorised, 7 levels left

rFire  . . .     SeeInvis .     a - +0 falchion
rCold  . . .     Clarity  .     s - +0 ring mail
rNeg   + . .     SustAt   .     (no shield)
rPois  ∞         Gourm    .     (no helmet)
rElec  +         Spirit   .     (no cloak)
rCorr  .         Warding  .     e - +1 pair of gloves
rMut   .         Stasis   .     f - +0 pair of boots
MR     .....                    (no amulet)
Stlth  +.........               (no ring)
                                m - ring of invisibility

@: not resistant to hostile enchantments, very unstealthy
A: negative energy resistance 1, electricity resistance, unbreathing,
petrification resistance, rot immunity, AC +5
a: Burn Spellbooks, Berserk, Trog's Hand, Brothers in Arms, Renounce Religion,
Evoke Invisibility


You were on level 4 of the Dungeon.
You worshipped Trog.
Trog was greatly pleased with you.
You were not hungry.

You visited 1 branch of the dungeon, and saw 4 of its levels.
You also visited: Sewer.

You collected 243 gold pieces.

Inventory:

Hand weapons
 a - a +0 falchion (weapon)
Missiles
 n - 14 bolts
Armour
 e - a +1 pair of gloves (worn)
 f - a +0 pair of boots (worn)
 s - a +0 ring mail (worn)
Jewellery
 m - a ring of invisibility (left hand)
Magical devices
 b - a wand of fire (1)
 v - a wand of draining (8)
 A - a wand of fire (4)
Scrolls
 k - 3 scrolls of identify {unknown}
 q - a scroll of enchant weapon {unknown}
 u - a scroll of random uselessness {unknown}
 x - a scroll of teleportation {unknown}
 y - a scroll of recharging {unknown}
 D - a scroll of remove curse {unknown}
 E - a scroll of blinking {unknown}
 F - a scroll of noise {unknown}
Potions
 g - 2 potions of curing {unknown}
 h - a potion of cure mutation {unknown}
 i - 2 potions of heal wounds {unknown}
 j - 2 potions of poison {unknown}
 l - a potion of lignification {unknown}
 o - a potion of cancellation {unknown}
 r - a potion of might {unknown}
 t - a potion of brilliance {unknown}
 C - a potion of degeneration {unknown}
Comestibles
 c - 4 bread rations
 d - 2 slices of pizza
 p - a fruit
 w - a beef jerky
 z - a chunk of flesh
 B - a meat ration


   Skills:
 - Level 3.2 Fighting
 + Level 8.8 Long Blades
 - Level 2.1 Armour
 - Level 1.5 Dodging


You had 7 spell levels left.
You didn't know any spells.

Dungeon Overview and Level Annotations

Branches:
Dungeon (4/15)
 Temple: D:4-7

Altars:
Ashenzari
Fedhas


Innate Abilities, Weirdness & Mutations

You are resistant to torment.
Your stone body is resilient (AC +5).
You are immune to poison.
You resist negative energy.
You are resistant to electric shocks.
You can survive without breathing.
You are immune to petrification.
You are immune to rotting.


Message History

You hit the ogre.
The ogre is heavily wounded.
You barely miss the ogre.
The ogre is heavily wounded.
The ogre barely misses you.
You hit the ogre.
The ogre is severely wounded.
The ogre hits you with a giant club!
You hit the ogre but do no damage.
The ogre is severely wounded.
You hit the ogre but do no damage.
The ogre is severely wounded.
The ogre hits you with a giant club!!
* * * LOW HITPOINT WARNING * * *
You are too injured to fight recklessly!
You are too injured to fight recklessly!
You slash the ogre!
The ogre is almost dead.
The ogre hits you with a giant club!
You die...

...#......[..# ♣.♣
...#.......#.# ♣♣ ♣.♣
...#.......#.# .♣♣
♣.♣ ...#########.##
..♣ ♣.♣ ...# #..# !.♣
♣♣.♣ ...# ##.## ..♣
♣♣.♣♣ #### #..# ..♣
♣.♣♣
##.###..########.####
#..@O...............
####################


You could see an ogre.

Vanquished Creatures
  Menkaure (D:4)
  Duvessa (D:4)
  2 ogres (D:4)
  A giant frog (Sewer)
  A scorpion (D:4)
  Dowan (D:4)
  Ijyb (D:3)
  2 worker ants (D:4)
  An iguana (D:4)
  Natasha (twice) (D:3)
  5 adders
  18 oozes
  An adder skeleton (D:4)
  5 worms
  2 orcs
  10 ball pythons
  7 bats
  5 hobgoblins
  6 jackals
  3 kobolds
  2 quokkas
  10 giant cockroaches
  13 giant geckos
  16 giant newts
  8 goblins
  7 rats
131 creatures vanquished.

Notes
Turn   | Place    | Note
--------------------------------------------------------------
     0 | D:1      | Goblin1989 the Gargoyle Berserker began the quest for the Orb.
     0 | D:1      | Reached XP level 1. HP: 14/14 MP: 1/1
   110 | D:1      | Reached XP level 2. HP: 17/19 MP: 2/2
   175 | D:1      | Found a shattered altar of Ashenzari.
   390 | D:1      | Acquired Trog's second power
   398 | D:1      | Reached XP level 3. HP: 18/23 MP: 3/3
   640 | D:2      | Reached skill level 4 in Long Blades
  1344 | D:3      | Noticed Ijyb
  1381 | D:3      | Reached XP level 4. HP: 7/28 MP: 4/4
  1398 | D:3      | Killed Ijyb
  1768 | D:3      | Found a glowing drain.
  1786 | D:3      | Reached skill level 5 in Long Blades
  1795 | Sewer    | Entered a sewer
  1858 | Sewer    | Reached XP level 5. HP: 24/32 MP: 5/5
  2457 | Sewer    | Acquired Trog's third power
  2482 | Sewer    | Reached XP level 6. HP: 28/37 MP: 6/6
  2516 | Sewer    | Reached skill level 6 in Long Blades
  2664 | Sewer    | Noticed a giant frog
  2673 | Sewer    | Killed a giant frog
  2788 | D:3      | Noticed Natasha
  2804 | D:3      | Killed Natasha
  3041 | D:4      | Noticed Menkaure
  3055 | D:3      | Noticed Natasha
  3069 | D:3      | Killed Natasha
  3251 | D:4      | Killed Menkaure
  3251 | D:4      | Reached skill level 7 in Long Blades
  3251 | D:4      | Reached XP level 7. HP: 37/41 MP: 7/7
  3436 | D:4      | HP: 2/41 [ogre/giant club (22)]
  3861 | D:4      | Reached skill level 8 in Long Blades
  3961 | D:4      | Found a blossoming altar of Fedhas.
  3961 | D:4      | Noticed Duvessa
  3962 | D:4      | Noticed Dowan
  3979 | D:4      | Killed Dowan
  3984 | D:4      | Killed Duvessa
  3984 | D:4      | Reached XP level 8. HP: 46/46 MP: 8/8
  4330 | D:4      | Mangled by an ogre

Vault maps used:
D:1:      lightli_arrival_quake, minmay_liquid_box, nicolae_ashenzari_panopticon
D:2:      first_bread
D:3:      portal_sewer_entry_d, serial_bayou_pond_e, uniq_natasha, uniq_iyjb
D:4:      forest_paths, lemuel_round_altar, st_stairs_8, elyvilon_altar_4,
          uniq_duvessa, uniq_menkaure
Sewer:    sewer_frog_island_02

Action                   |  1- 3 |  4- 6 |  7- 9 || total
-------------------------+-------+-------+-------++-------
Melee: Falchion          |   183 |   482 |   150 ||   815
Invok: Berserk           |       |     2 |     2 ||     4
       Trog's Hand       |       |     1 |       ||     1
Evoke: Wand              |       |       |     2 ||     2
  Use: Scroll            |     1 |       |       ||     1
 Stab: Sleeping          |     2 |       |       ||     2
  Eat: Chunk             |     1 |     8 |     6 ||    15
       Fruit             |       |     1 |     1 ||     2
